[Event "39th Olympiad Khanty-Mansiysk 2010"]
[Site "Khanty-Mansiysk/Russia"]
[Date "2010.09.22"]
[Round "1"]
[White "Lim, Hakyung"]
[Black "Karsokaite, Irena"]
[Result "1-0"]
[WhiteElo "1579"]
[BlackElo "1660"]
[PlyCount "119"]
[EventDate "2010.??.??"]
[WhiteTeam "Korea"]
[BlackTeam "IBC"]
[WhiteTeamCountry "KOR"]
[TimeControl "40/5400+30:1800+30"]

1. d4 Nf6 2. c4 e6 3. Nc3 d5 4. cxd5 exd5 5. Bg5 Be7 6. e3 h6 7. Bh4 Bf5 8.
Bxf6 Bxf6 9. Qb3 Be6 10. Qxb7 Nd7 11. Nxd5 Bxd5 12. Qxd5 O-O 13. Bb5 Nb6 14.
Qxd8 Rfxd8 15. Rc1 a6 16. Bd3 Ra7 17. Ne2 Rb8 18. O-O Nd5 19. b3 Nb4 20. Bb1 a5
21. Rc3 Be7 22. Rfc1 Nd5 23. Rc4 Ba3 24. Rd1 Bb4 25. Be4 Nf6 26. Bf3 Rd8 27.
Rdc1 Ne8 28. Nc3 Nd6 29. Rc6 Ba3 30. Rc2 Rb8 31. Nb1 Nb5 32. Nxa3 Nxa3 33. Rxc7
Rxc7 34. Rxc7 a4 35. Rb7 Rc8 36. h3 axb3 37. Rxb3 Nc4 38. Rc3 Nb6 39. Rxc8+
Nxc8 40. a4 Kf8 41. a5 Ke7 42. a6 Kd6 43. Kf1 Kc7 44. Ke2 Kb6 45. Bb7 Nd6 46.
Kd3 Nxb7 47. axb7 Kxb7 48. d5 Kc7 49. Kc4 Kd6 50. Kd4 f6 51. e4 g5 52. g4 Kc7
53. Kc5 Kd7 54. d6 Kd8 55. Kc6 Kc8 56. f3 Kd8 57. d7 f5 58. exf5 Ke7 59. f6+
Kd8 60. f7 1-0

[Event "39th Olympiad Khanty-Mansiysk 2010"]
[Site "Khanty-Mansiysk/Russia"]
[Date "2010.09.22"]
[Round "1"]
[White "Emhemed, Inas"]
[Black "Al-Gildah, Nibal"]
[Result "0-1"]
[WhiteElo "1493"]
[BlackElo "1932"]
[PlyCount "116"]
[EventDate "2010.??.??"]
[WhiteTeam "Libya"]
[BlackTeam "Syria"]
[WhiteTeamCountry "LBY"]
[BlackTeamCountry "SYR"]
[TimeControl "40/5400+30:1800+30"]

1. d4 Nf6 2. c4 e6 3. Nc3 d5 4. Bg5 c6 5. e3 Nbd7 6. Nf3 Bb4 7. Qc2 Qa5 8. a3
Ne4 9. Rc1 Bxc3+ 10. bxc3 Qxa3 11. Bd3 Ndf6 12. Bxf6 Nxf6 13. O-O O-O 14. Ne5
Qe7 15. Ra1 g6 16. f4 Kg7 17. Rf3 Nd7 18. Nxd7 Bxd7 19. c5 b6 20. cxb6 axb6 21.
Rb1 b5 22. g3 Ra3 23. Rff1 Rfa8 24. Qb2 Ra2 25. Qb4 Qd8 26. e4 dxe4 27. Bxe4
R2a4 28. Qd6 Be8 29. Qxd8 Rxd8 30. Rfc1 Ra2 31. Rc2 Ra4 32. Kf2 c5 33. Bd3 cxd4
34. cxd4 Raxd4 35. Bxb5 Bxb5 36. Rxb5 Rd2+ 37. Rxd2 Rxd2+ 38. Kg1 Rc2 39. Rb1
Kf6 40. Rf1 h6 41. h4 Kf5 42. Rf2 Rxf2 43. Kxf2 Kg4 44. Kg2 g5 45. hxg5 hxg5
46. fxg5 Kxg5 47. Kf3 f6 48. g4 f5 49. gxf5 Kxf5 50. Ke3 Ke5 51. Kf3 Kd4 52.
Ke2 Ke4 53. Kd2 Kd4 54. Ke2 Ke4 55. Kd2 Kf3 56. Ke1 e5 57. Kf1 e4 58. Ke1 Ke3
0-1

[Event "39th Olympiad Khanty-Mansiysk 2010"]
[Site "Khanty-Mansiysk/Russia"]
[Date "2010.09.22"]
[Round "1"]
[White "Benson, Nicola"]
[Black "Finnbogadottir, Tinna Kri"]
[Result "0-1"]
[WhiteElo "1407"]
[BlackElo "1781"]
[PlyCount "74"]
[EventDate "2010.??.??"]
[WhiteTeam "Ireland"]
[BlackTeam "Iceland"]
[WhiteTeamCountry "IRL"]
[BlackTeamCountry "ISL"]
[TimeControl "40/5400+30:1800+30"]

1. d4 d5 2. Nf3 Nf6 3. e3 e6 4. Bd3 c5 5. b3 Nbd7 6. Bb2 a6 7. O-O b5 8. c3 Bd6
9. Nbd2 Bb7 10. a4 c4 11. Bc2 e5 12. dxe5 Nxe5 13. Nxe5 Bxe5 14. Nf3 Bd6 15.
Ba3 Bxa3 16. Rxa3 O-O 17. Nd4 Qb6 18. Qe2 Rac8 19. b4 Rfe8 20. h3 Bc6 21. a5
Qc7 22. Rd1 Nd7 23. Qh5 Nf6 24. Qg5 h6 25. Qf5 Bd7 26. Qf3 Qe5 27. Ne2 Ne4 28.
Rd4 Rc6 29. Nf4 Rd6 30. Nxd5 Ng5 31. Qd1 Nxh3+ 32. Kf1 Qh2 33. Qf3 Qh1+ 34. Ke2
Ng1+ 35. Kd1 Nxf3+ 36. Ke2 Nxd4+ 37. cxd4 Rxd5 0-1